 Dungeon Crawl Stone Soup version 0.27-a0-1065-ge809cff456 (webtiles) character file.

Game seed: 2152021907698389382

62 pokeman the Magician (level 3, -2/20 HPs)
             Began as a Deep Elf Hedge Wizard on Apr 22, 2021.
             Slain by an adder (5 damage)
             ... on level 2 of the Dungeon.
             The game lasted 00:02:34 (1266 turns).

pokeman the Magician (Deep Elf Hedge Wizard)        Turns: 1266, Time: 00:02:35

Health: -2/20      AC:  6    Str:  7    XL:     3   Next: 85%
Magic:  2/11       EV: 12    Int: 19    God:
Gold:   27         SH:  0    Dex: 14    Spells: 1/12 levels left

rFire    . . .     SeeInvis .   a - +0 dagger
rCold    . . .     Faith    .   (no shield)
rNeg     . . .     Spirit   .   b - +0 robe
rPois    .         Reflect  .   c - +0 hat
rElec    .         Harm     .   (no cloak)
rCorr    .         Rampage  .   (no gloves)
Will     .....                  (no boots)
Stlth    ++........             (no amulet)
HPRegen  0.06/turn              j - +4 ring of protection
MPRegen  0.12/turn              (no ring)

@: very slightly contaminated
A: no striking features
a: no special abilities


You were on level 2 of the Dungeon.
You visited 1 branch of the dungeon, and saw 2 of its levels.

You collected 27 gold pieces.

Inventory:

Hand Weapons
 a - a +0 dagger (weapon)
Missiles
 g - 19 bolts
 k - a throwing net
Armour
 b - a +0 robe (worn)
 c - a +0 hat (worn)
 e - a +0 buckler
Jewellery
 j - a +4 ring of protection (left hand)
Scrolls
 d - 2 scrolls of immolation {unknown}
 f - a scroll of identify {unknown}
 i - a scroll of amnesia {unknown}
Potions
 h - a potion of flight {unknown}
 l - a potion of might {unknown}
 m - a potion of degeneration {unknown}


   Skills:
 - Level 1.0 Fighting
 - Level 1.0 Armour
 + Level 2.4 Dodging
 - Level 2.4 Stealth
 + Level 0.0 Shields
 * Level 5.4 Spellcasting
 + Level 2.0 Conjurations
 - Level 1.1 Summonings
 - Level 1.1 Translocations


You had one spell level left.
You knew the following spells:

 Your Spells              Type           Power      Damage    Failure   Level
a - Magic Dart            Conj           48%        1d5       5%          1
b - Mephitic Cloud        Conj/Pois/Air  7%         N/A       26%         3
c - Call Imp              Summ           9%         N/A       12%         2
d - Blink                 Tloc           N/A        N/A       12%         2
e - Conjure Flame         Conj/Fire      9%         6-21      24%         3

Your spell library contained the following spells:

 Spells                   Type           Power      Damage    Failure   Level
 Summon Small Mammal      Summ           36%        N/A       8%          1
 Slow                     Hex            5%         N/A       19%         2
 Call Canine Familiar     Summ           9%         N/A       22%         3
 Summon Guardian Golem    Hex/Summ       7%         N/A       28%         3
 Summon Ice Beast         Ice/Summ       7%         N/A       67%         4
 Summon Lightning Spire   Summ/Air       7%         N/A       67%         4


Dungeon Overview and Level Annotations

Branches:
Dungeon (2/15)

Altars:

Annotations:
D:2 Natasha, Terence


Message History

You are no longer poisoned.
The adder closely misses you.
Unknown command.
You hit the adder.
The adder is moderately wounded.
The adder bites you but does no damage.
The iron imp shouts, "Get thee hence, thou artless earth-vexing nightsoil!"
Unknown command.
You hit the adder but do no damage.
The adder is moderately wounded.
The adder closely misses you. x2
Unknown command.
What are your orders? t - Shout!
Orders for allies: a - Attack new target. p - Attack previous target. r - Retreat! s - Stop attacking. g - Guard the area. f - Follow me.
Anything else - Cancel.
Gang up on whom?
Press: ? - help, Dir - move target, f - iron imp, p - Natasha
Aim: an iron imp (summoned)
Okay, then.
Unknown command.
Unknown command.
The adder bites you but does no damage.
Found a club.
Found a stone staircase leading down.
The adder bites you but does no damage.
Found a scroll labelled WIKEINW QIAWNAT.
The adder bites you but does no damage.
There is a stone staircase leading down here.
Natasha mumbles some strange words.
Natasha's front paws start to glow.
Natasha howls an incantation.
Natasha shimmers violently.
The adder closely misses you.
You see here a scroll labelled WIKEINW QIAWNAT.
Natasha mumbles some strange words.
The adder bites you.
You die...

#..≈♣..≈≈≈≈≈..#5#..#
#..≈≈≈≈≈≈≈≈≈♣P#.#.#####
#..♣≈≈≈≈≈≈≈≈≈.#>.......
#...)≈≈≈≈≈≈≈≈.....#####
##...≈≈≈≈≈≈≈).#.###
#...P≈≈≈≈≈≈P.#h#
#....P≈≈≈≈P. #?#
###.P....≈≈... #S#
#...P......P. #@#
#.##..#.#.##. #........
#.#...#.#.#. #######..
#.#.###.#.#.#
#.#.......#.#
#.###....##.# ..
#...........# ### #.#.#
#####.#.....###.. ..#.#
.#. #.#......##.# ..#.#
...


You could see Natasha and an adder.

Vanquished Creatures
  Jessica (D:2)
  An adder (D:2)
  A dart slug (D:1)
  2 endoplasms
  2 giant cockroaches (D:2)
  4 goblins
  3 hobgoblins
  2 kobolds
  4 bats
  2 frilled lizards (D:2)
  2 rats
24 creatures vanquished.

Notes
Turn   | Place    | Note
-------+----------+-------------------------------------------
     0 | D:1      | pokeman the Deep Elf Hedge Wizard began the quest for the
                  | Orb.
     0 | D:1      | Reached XP level 1. HP: 10/10 MP: 7/7
     1 | D:1      | Noticed an electric eel
    55 | D:1      | Found a faded altar of an unknown god.
   322 | D:1      | Reached XP level 2. HP: 16/16 MP: 5/9
   701 | D:2      | Reached skill level 5 in Spellcasting
   845 | D:2      | Reached XP level 3. HP: 20/20 MP: 9/11
   846 | D:2      | Noticed Terence
   889 | D:1      | Learned a level 3 spell: Mephitic Cloud
   892 | D:1      | Learned a level 2 spell: Call Imp
   895 | D:1      | Learned a level 2 spell: Blink
   899 | D:1      | Learned a level 3 spell: Conjure Flame
  1108 | D:2      | Noticed Jessica
  1113 | D:2      | Killed Jessica
  1114 | D:2      | Reached skill level 1 in Fighting
  1114 | D:2      | Reached skill level 1 in Armour
  1239 | D:2      | Noticed Natasha
  1266 | D:2      | Slain by an adder

Illustrated notes

Levels and vault maps discovered:
D:1:      arrival_aquarium_a, layout_rooms,
          hellmonk_ecumenical_altar_arch_garden
D:2:      layout_basic, guppyfry_early_lair_pool, uniq_robin, uniq_natasha,
          uniq_terence, uniq_jessica

Skill      XL: |  1  2  3 |
---------------+----------+-----
Spellcasting   | 5 |  5.4
Fighting       | 1 |  1.0
Armour         | 1 |  1.0
Conjurations   | 2 |  2.0
Dodging        | |  2.4
Stealth        | |  2.4
Summonings     | |  1.1
Translocations | |  1.1

Action                   || total
-------------------------++-------
Melee: Dagger            ||     2
 Cast: Magic Dart        ||    62
Armor: Robe              ||     7
Dodge: Dodged            ||    12

Table legend: (Time is in decaauts)
 A = Elapsed time spent in this place.
 B = Non-inter-level travel time spent in this place.
 C = Inter-level travel time spent in this place.
 D = Time resting spent in this place.
 E = Time spent auto-exploring this place.
 F = Levels seen in this place.
 G = Mean time per level.
                   A        B        C        D        E       F      G
               +--------+--------+--------+--------+--------+-----+--------+
         Total |   1266 |   1245 |     21 |    147 |    924 |   2 |  633.0 |
       Dungeon |   1266 |   1245 |     21 |    147 |    924 |   2 |  633.0 |
               +--------+--------+--------+--------+--------+-----+--------+

Top non-repeatable levels by time:
     D:1: 641 daAuts
     D:2: 624 daAuts
